Capitals vs Rangers

Created - 9 avril 2020 at 17:13

Goals
1 2 3 OT1 T
Capitals 2 1 0 1 4
Rangers 0 3 0 0 3
Shots
1 2 3 OT1 T
Capitals 14 11 10 4 39
Rangers 16 6 9 2 33

1st period

1. Capitals , Jake Guentzel 20 (Elias Pettersson 30, Tomas Tatar 32) at 8:35 (PP)
2. Capitals , Tyler Pitlick 10 (Anton Stralman 9) at 13:11

Penalties :
Matt Niskanen (NYR) for Holding Stick (Minor) at 8:01

2nd period

3. Capitals , Josh Bailey 16 (Brady Skjei 15, Elias Pettersson 31) at 1:56 (PP)
4. Rangers , Matt Duchene 35 (Kyle Connor 49, Ron Hainsey 11) at 4:22
5. Rangers , Erik Karlsson 12 (Caleb Jones 9) at 8:58 (PP)
6. Rangers , Justin Williams 28 (Jason Zucker 27, Nazem Kadri 48) at 10:56

Penalties :
Nazem Kadri (NYR) for High sticking (Minor) at 1:09, Johan Larsson (NYR) for Slashing (Minor) at 5:57, Zach Bogosian (WAS) for Cross-checking (Minor) at 8:42

3rd period

No Goal

Penalties :
Zach Bogosian (WAS) for Hooking (Minor) at 8:53

Overtime #1

7. Capitals , Riley Sheahan 7 (Darren Helm 13) at 3:54

Penalties :
No Penalty

Goalie Stats

Henrik Lundqvist (WAS), 30 saves from 33 shots - (0,909), W, 26-29-14, 63:54 minutes
Philipp Grubauer (NYR), 35 saves from 39 shots - (0,897), OTL, 35-13-11, 63:54 minutes

Players Stats for Capitals

Player Name              G  A  P  +/- PIM S  H  SB GA TA FO     MP     PP MP  PK MP  
------------------------------------------------------------------------------------
Anton Stralman           0  1  1   0  0   0  0  0  0  1  0/0    14:54   0:00   0:00 
Brady Skjei              0  1  1   1  0   2  3  1  1  1  0/0    27:49   2:35   1:33 
Brock Nelson             0  0  0   0  0   7  1  0  1  1  1/2    20:50   2:18   0:00 
Claude Giroux            0  0  0   0  0   5  2  0  2  1  18/35  21:20   2:18   0:31 
Damon Severson           0  0  0  -1  0   3  0  1  0  0  0/0    18:33   0:45   0:42 
Darren Helm              0  1  1   1  0   2  0  1  0  0  0/0    15:33   0:00   1:03 
Derek Grant              0  0  0   0  0   2  1  0  0  0  5/9    10:11   0:00   1:15 
Elias Pettersson         0  2  2  -1  0   3  1  0  2  0  1/2    16:53   1:02   0:43 
Ian Cole                 0  0  0  -1  0   0  5  3  0  1  0/0    18:56   0:45   0:42 
Jake Guentzel            1  0  1  -1  0   3  0  0  1  0  5/18   16:10   1:02   0:00 
Joel Eriksson Ek         0  0  0   0  0   0  0  0  0  0  1/1     9:54   0:00   0:29 
Josh Bailey              1  0  1  -1  0   3  1  0  0  1  1/2    15:59   1:02   0:00 
Kevin Rooney             0  0  0   0  0   0  0  1  0  0  0/0     9:18   0:00   0:00 
Oliver Ekman-Larsson     0  0  0   0  0   1  3  4  1  1  0/0    28:48   2:35   1:33 
Riley Sheahan            1  0  1   1  0   3  0  0  1  1  5/9    14:36   0:00   0:00 
Tomas Tatar              0  1  1   0  0   3  1  1  1  0  0/1    19:48   2:18   0:00 
Tyler Pitlick            1  0  1   0  0   2  1  0  1  0  0/0    14:43   0:00   0:29 
Zach Bogosian            0  0  0   0  4   0  1  0  0  1  0/0    15:10   0:00   0:00 

Players Stats for Rangers

Player Name              G  A  P  +/- PIM S  H  SB GA TA FO     MP     PP MP  PK MP  
------------------------------------------------------------------------------------
Adam Pelech              0  0  0  -1  0   2  2  2  0  1  0/0    16:02   0:00   0:00 
Ben Harpur               0  0  0  -1  0   0  1  0  0  0  0/0     8:14   0:00   1:13 
Brayden Schenn           0  0  0   1  0   2  2  0  2  2  1/4    22:10   1:03   1:04 
Caleb Jones              0  1  1   0  0   1  0  0  0  0  0/0    12:03   1:33   0:00 
Dan Girardi              0  0  0   1  0   0  0  3  0  1  0/0    17:14   0:42   0:39 
Erik Karlsson            1  0  1   0  0   1  3  0  0  1  0/0    25:41   1:33   0:00 
Jason Spezza             0  0  0   0  0   3  0  0  0  0  3/4    11:10   0:00   0:00 
Jason Zucker             0  1  1   1  0   7  2  0  1  1  2/4    19:02   1:12   0:00 
Johan Larsson            0  0  0   0  2   0  1  0  0  2  1/3     8:32   0:00   0:59 
Justin Williams          1  0  1   0  0   1  0  0  0  0  0/1    17:24   1:12   0:00 
Kyle Connor              0  1  1   1  0   4  0  0  0  0  0/0    21:23   1:03   0:42 
Matt Duchene             1  0  1   1  0   3  0  1  1  2  10/18  20:41   1:03   0:00 
Matt Niskanen            0  0  0   1  2   0  3  3  0  1  0/0    25:20   0:00   2:07 
Nazem Kadri              0  1  1   0  2   5  1  1  0  0  14/26  20:15   1:12   0:00 
Oskar Sundqvist          0  0  0  -1  0   0  1  0  1  0  0/1     6:19   0:00   1:17 
Pierre-Edouard Bellemare 0  0  0   0  0   2  0  1  1  0  2/3    10:33   0:00   1:42 
Ron Hainsey              0  1  1   1  0   1  1  2  0  0  0/0    19:07   0:42   2:41 
Tyler Bozak              0  0  0  -1  0   0  0  0  2  0  9/15   13:25   0:00   0:22 
Vinnie Hinostroza        0  0  0  -1  0   1  0  2  1  0  0/0    13:44   0:00   0:34 

3 Stars

1 - Riley Sheahan (WAS)
2 - Erik Karlsson (NYR)
3 - Brady Skjei (WAS)

Power Play

Capitals - 2 on 3 Attempt(s) - 66,67%
Rangers - 1 on 2 Attempt(s) - 50,00%

Penalty Kill

Capitals - 1 on 2 Attempt(s) - 50,00% - Score 0 goal in Penalty Kill
Rangers - 1 on 3 Attempt(s) - 33,33% - Score 0 goal in Penalty Kill

Team Stat

Capitals - Hits : 20 - Faceoff Wins : 37 - Blocked Shots : 12 - Penalty Minutes : 4
Rangers - Hits : 17 - Faceoff Wins : 42 - Blocked Shots : 15 - Penalty Minutes : 6

Official

Referees : Jacob Brenk and Kyle Rehman
Linesman : Ryan Galloway and Shandor Alphonso

Game Notes

Oskar Sundqvist is injured at 6:15 of 2nd period (Strained Left Elbow)

Finance

Level 1 -- Attendance: 5011 (83,52%) -- Ticket Income 501 100 $
Level 2 -- Attendance: 5000 (100,00%) -- Ticket Income 300 000 $
Level 3 -- Attendance: 1879 (93,95%) -- Ticket Income 65 765 $
Level 4 -- Attendance: 4000 (100,00%) -- Ticket Income 80 000 $
Luxury Box -- Attendance: 808 (80,80%) -- Ticket Income 161 600 $
Game was played at the Blue Shirt Stadium.
Total Attendance: 16698 (92,77%)
Total Ticket Income: 1 108 465 $
Other Income: 543 148 $
Total Income: 1 651 613 $

Capitals

5 vs 5 Forward 
   Center                   Left Wing                Right Wing               Time % Phy DF OF 
 1 Claude Giroux            Brock Nelson             Tomas Tatar              32     1   2  2  
 2 Jake Guentzel            Elias Pettersson         Josh Bailey              29     1   2  2  
 3 Riley Sheahan            Darren Helm              Tyler Pitlick            24     1   2  2  
 4 Derek Grant              Kevin Rooney             Joel Eriksson Ek         15     1   2  2  

5 vs 5 Defense 
   Defense                  Defense                                           Time % Phy DF OF 
 1 Oliver Ekman-Larsson     Brady Skjei                                       33     1   2  2  
 2 Ian Cole                 Damon Severson                                    30     1   2  2  
 3 Anton Stralman           Zach Bogosian                                     27     1   2  2  
 4 Oliver Ekman-Larsson     Brady Skjei                                       10     1   2  2  

PowerPlay Forward 
   Center                   Left Wing                Right Wing               Time % Phy DF OF 
 1 Claude Giroux            Brock Nelson             Tomas Tatar              60     1   2  2  
 2 Jake Guentzel            Elias Pettersson         Josh Bailey              40     1   2  2  

PowerPlay Defense
   Defense                  Defense                                           Time % Phy DF OF 
 1 Oliver Ekman-Larsson     Brady Skjei                                       60     1   2  2  
 2 Ian Cole                 Damon Severson                                    40     1   2  2  

Penalty Kill 4 Players Forward 
   Center                   Wing                     Time % Phy DF OF 
 1 Derek Grant              Darren Helm              60     1   2  2  
 2 Joel Eriksson Ek         Tyler Pitlick            40     1   2  2  

Penalty Kill 4 Players Defense
   Defense                  Defense                  Time % Phy DF OF 
 1 Oliver Ekman-Larsson     Brady Skjei              60     1   2  2  
 2 Ian Cole                 Damon Severson           40     1   2  2  

Penalty Kill - 3 Players Forward 
   Forward                                           Time % Phy DF OF 
 1 Derek Grant                                       60     1   2  2  
 2 Joel Eriksson Ek                                  40     1   2  2  

Penalty Kill - 3 Players Defense
   Defense                  Defense                  Time % Phy DF OF 
 1 Oliver Ekman-Larsson     Brady Skjei              60     1   2  2  
 2 Ian Cole                 Damon Severson           40     1   2  2  

4 vs 4 Forward 
   Center                   Wing                     Time % Phy DF OF 
 1 Claude Giroux            Brock Nelson             60     1   2  2  
 2 Jake Guentzel            Elias Pettersson         40     1   2  2  

4 vs 4 Defense
   Defense                  Defense                  Time % Phy DF OF 
 1 Oliver Ekman-Larsson     Brady Skjei              60     1   2  2  
 2 Ian Cole                 Damon Severson           40     1   2  2  

Last Minutes Offensive
   Center                   Left Wing                Right Wing               Defense                  Defense                  
   Claude Giroux            Brock Nelson             Tomas Tatar              Oliver Ekman-Larsson     Brady Skjei              

Last Minutes Defensive
   Center                   Left Wing                Right Wing               Defense                  Defense                  
   Claude Giroux            Brock Nelson             Tomas Tatar              Oliver Ekman-Larsson     Brady Skjei              

Goaltenders
Starting : Henrik Lundqvist         
Backup : Samuel Montembeault      

Extra Forwards
Normal : Kevin Rooney, Riley Sheahan, Darren Helm - PP : Kevin Rooney, Riley Sheahan - PK : Darren Helm
Extra Defensemen
Normal : Anton Stralman, Zach Bogosian, Ian Cole - PP : Anton Stralman - PK : Zach Bogosian, Ian Cole
Penalty Shots
Claude Giroux, Brock Nelson, Jake Guentzel, Elias Pettersson, Tomas Tatar
Custom OT Lines Forwards
Claude Giroux, Brock Nelson, Jake Guentzel, Elias Pettersson, Tomas Tatar, Josh Bailey, Riley Sheahan, Darren Helm, Tyler Pitlick, Derek Grant
Custom OT Lines Defensemen
Oliver Ekman-Larsson, Brady Skjei, Ian Cole, Damon Severson, Anton Stralman

Scratches
Ben Chiarot (Healthy)

Rangers

5 vs 5 Forward 
   Center                   Left Wing                Right Wing               Time % Phy DF OF 
 1 Matt Duchene             Kyle Connor              Brayden Schenn           35     0   1  4  
 2 Nazem Kadri              Jason Zucker             Justin Williams          32     0   2  3  
 3 Tyler Bozak              Oskar Sundqvist          Vinnie Hinostroza        23     0   2  3  
 4 Jason Spezza             Johan Larsson            Pierre-Edouard Bellemare 10     0   4  1  

5 vs 5 Defense 
   Defense                  Defense                                           Time % Phy DF OF 
 1 Erik Karlsson            Matt Niskanen                                     40     1   2  2  
 2 Dan Girardi              Ron Hainsey                                       29     1   2  2  
 3 Adam Pelech              Caleb Jones                                       20     0   3  2  
 4 Adam Pelech              Ben Harpur                                        11     1   2  2  

PowerPlay Forward 
   Center                   Left Wing                Right Wing               Time % Phy DF OF 
 1 Matt Duchene             Kyle Connor              Brayden Schenn           60     0   1  4  
 2 Nazem Kadri              Jason Zucker             Justin Williams          40     0   1  4  

PowerPlay Defense
   Defense                  Defense                                           Time % Phy DF OF 
 1 Erik Karlsson            Caleb Jones                                       60     0   1  4  
 2 Ron Hainsey              Dan Girardi                                       40     0   1  4  

Penalty Kill 4 Players Forward 
   Center                   Wing                     Time % Phy DF OF 
 1 Johan Larsson            Oskar Sundqvist          60     0   5  0  
 2 Tyler Bozak              Pierre-Edouard Bellemare 40     0   5  0  

Penalty Kill 4 Players Defense
   Defense                  Defense                  Time % Phy DF OF 
 1 Matt Niskanen            Ron Hainsey              60     0   5  0  
 2 Ben Harpur               Dan Girardi              40     0   5  0  

Penalty Kill - 3 Players Forward 
   Forward                                           Time % Phy DF OF 
 1 Johan Larsson                                     60     0   5  0  
 2 Oskar Sundqvist                                   40     0   5  0  

Penalty Kill - 3 Players Defense
   Defense                  Defense                  Time % Phy DF OF 
 1 Matt Niskanen            Ron Hainsey              60     0   5  0  
 2 Dan Girardi              Ben Harpur               40     0   5  0  

4 vs 4 Forward 
   Center                   Wing                     Time % Phy DF OF 
 1 Nazem Kadri              Vinnie Hinostroza        60     0   2  3  
 2 Tyler Bozak              Oskar Sundqvist          40     0   2  3  

4 vs 4 Defense
   Defense                  Defense                  Time % Phy DF OF 
 1 Erik Karlsson            Matt Niskanen            60     0   2  3  
 2 Ron Hainsey              Dan Girardi              40     0   2  3  

Last Minutes Offensive
   Center                   Left Wing                Right Wing               Defense                  Defense                  
   Matt Duchene             Kyle Connor              Brayden Schenn           Erik Karlsson            Matt Niskanen            

Last Minutes Defensive
   Center                   Left Wing                Right Wing               Defense                  Defense                  
   Johan Larsson            Pierre-Edouard Bellemare Oskar Sundqvist          Ben Harpur               Ron Hainsey              

Goaltenders
Starting : Philipp Grubauer         
Backup : Alexandar Georgiev       

Extra Forwards
Normal : Nazem Kadri, Jason Zucker, Jason Spezza - PP : Vinnie Hinostroza, Oskar Sundqvist - PK : Pierre-Edouard Bellemare
Extra Defensemen
Normal : Erik Karlsson, Matt Niskanen, Ron Hainsey - PP : Caleb Jones - PK : Ben Harpur, Dan Girardi
Penalty Shots
Kyle Connor, Matt Duchene, Jason Spezza, Caleb Jones, Vinnie Hinostroza
Custom OT Lines Forwards
Matt Duchene, Kyle Connor, Brayden Schenn, Jason Zucker, Nazem Kadri, Justin Williams, Pierre-Edouard Bellemare, Vinnie Hinostroza, Oskar Sundqvist, Tyler Bozak
Custom OT Lines Defensemen
Erik Karlsson, Matt Niskanen, Ron Hainsey, Dan Girardi, Ben Harpur

Scratches
Tyler Graovac (Healthy), Alex Nedeljkovic (Healthy)

% Time on Ice - Capitals

Lines # - Real PCT - Wanted PCT - Time Play
Normal Forward
1 - 31% - 32% - 17:07
2 - 27% - 29% - 14:26
3 - 26% - 24% - 13:56
4 - 16% - 15% - 8:56
Normal Defense
1 - 34% - 33% - 18:14
2 - 31% - 30% - 17:06
3 - 27% - 27% - 14:54
4 - 8% - 10% - 4:11
PP Forward
1 - 69% - 60% - 2:18
2 - 31% - 40% - 1:02
PP Defense
1 - 78% - 60% - 2:35
2 - 23% - 40% - 0:45
PK Forward
1 - 79% - 60% - 1:46
2 - 21% - 40% - 0:29
PK Defense
1 - 69% - 60% - 1:33
2 - 31% - 40% - 0:42
PK3 Forward
1 - 0% - 60%
2 - 0% - 40%
PK3 Defense
1 - 0% - 60%
2 - 0% - 40%
44 Forward
1 - 0% - 60%
2 - 0% - 40%
44 Defense
1 - 0% - 60%
2 - 0% - 40%
Last Minute Offensive  - 0:00
Last Minute Defensive  - 0:00
Total
Forward - 60:00
Defense - 60:00

% Time on Ice - Rangers

Lines # - Real PCT - Wanted PCT - Time Play
Normal Forward
1 - 35% - 35% - 18:48
2 - 28% - 32% - 15:24
3 - 24% - 23% - 13:03
4 - 13% - 10% - 7:10
Normal Defense
1 - 40% - 40% - 21:44
2 - 29% - 29% - 15:53
3 - 19% - 20% - 10:30
4 - 12% - 11% - 6:18
PP Forward
1 - 47% - 60% - 1:03
2 - 53% - 40% - 1:12
PP Defense
1 - 69% - 60% - 1:33
2 - 31% - 40% - 0:42
PK Forward
1 - 89% - 60% - 2:58
2 - 11% - 40% - 0:22
PK Defense
1 - 81% - 60% - 2:41
2 - 20% - 40% - 0:39
PK3 Forward
1 - 0% - 60%
2 - 0% - 40%
PK3 Defense
1 - 0% - 60%
2 - 0% - 40%
44 Forward
1 - 0% - 60%
2 - 0% - 40%
44 Defense
1 - 0% - 60%
2 - 0% - 40%
Last Minute Offensive  - 0:00
Last Minute Defensive  - 0:00
Total
Forward - 60:00
Defense - 60:00

Play-by-Play

1st period


0:01 of 1st period - Brayden Schenn wins face-off versus Claude Giroux in neutral zone.
0:26 of 1st period - Brady Skjei is hit by Jason Zucker and loses puck.
1:13 of 1st period - Snap shot by Jason Spezza.
1:13 of 1st period - Shot Blocked by Kevin Rooney.
1:15 of 1st period - Wrist shot by Dan Girardi.
1:15 of 1st period - Shot Misses the Net.
1:17 of 1st period - Slapshot by Jason Spezza.
1:17 of 1st period - Shot Misses the Net.
1:19 of 1st period - Snap shot by Johan Larsson.
1:19 of 1st period - Shot Blocked by Damon Severson.
2:01 of 1st period - Snap shot by Nazem Kadri.
2:01 of 1st period - Stopped by Henrik Lundqvist with a rebound.
2:07 of 1st period - Slapshot by Jake Guentzel.
2:07 of 1st period - Shot Blocked by Vinnie Hinostroza.
2:13 of 1st period - Snap shot by Tyler Bozak.
2:13 of 1st period - Shot Misses the Net.
2:15 of 1st period - Snap shot by Oskar Sundqvist.
2:15 of 1st period - Deflect By Vinnie Hinostroza.
2:15 of 1st period - Stopped by Henrik Lundqvist with a rebound.
2:45 of 1st period - Brock Nelson is hit by Brayden Schenn and loses puck.
3:06 of 1st period - Snap shot by Elias Pettersson.
3:06 of 1st period - Shot Misses the Net.
3:08 of 1st period - Snap shot by Josh Bailey.
3:08 of 1st period - Shot Misses the Net.
3:10 of 1st period - Wrist shot by Elias Pettersson.
3:10 of 1st period - Shot Misses the Net.
3:22 of 1st period - Nazem Kadri is hit by Ian Cole and loses puck.
3:34 of 1st period - Snap shot by Nazem Kadri.
3:34 of 1st period - Deflect By Jason Zucker.
3:34 of 1st period - Stopped by Henrik Lundqvist without a rebound.
3:35 of 1st period - Claude Giroux wins face-off versus Matt Duchene in Capitals zone.
3:39 of 1st period - Off-side.
3:40 of 1st period - Matt Duchene wins face-off versus Claude Giroux in neutral zone.
3:43 of 1st period - Anton Stralman is hit by Brayden Schenn and loses puck.
4:09 of 1st period - Slapshot by Elias Pettersson.
4:09 of 1st period - Stopped by Philipp Grubauer without a rebound.
4:10 of 1st period - Tyler Bozak wins face-off versus Jake Guentzel in Rangers zone.
4:26 of 1st period - Snap shot by Jake Guentzel.
4:26 of 1st period - Stopped by Philipp Grubauer without a rebound.
4:27 of 1st period - Jason Zucker wins face-off versus Riley Sheahan in Rangers zone.
4:33 of 1st period - Off-side.
4:34 of 1st period - Nazem Kadri wins face-off versus Riley Sheahan in neutral zone.
4:37 of 1st period - Wrist shot by Jason Zucker.
4:37 of 1st period - Stopped by Henrik Lundqvist with a rebound.
4:41 of 1st period - Wrist shot by Jason Zucker.
4:41 of 1st period - Stopped by Henrik Lundqvist without a rebound.
4:42 of 1st period - Derek Grant wins face-off versus Tyler Bozak in Capitals zone.
4:42 of 1st period - Derek Grant is hit by Oskar Sundqvist.
5:40 of 1st period - Wrist shot by Brock Nelson.
5:40 of 1st period - Deflect By Claude Giroux.
5:40 of 1st period - Shot Misses the Net.
5:40 of 1st period - Puck is out of play.
5:41 of 1st period - Nazem Kadri wins face-off versus Josh Bailey in Rangers zone.
5:54 of 1st period - Snap shot by Jason Zucker.
5:54 of 1st period - Stopped by Henrik Lundqvist without a rebound.
5:55 of 1st period - Claude Giroux wins face-off versus Matt Duchene in Capitals zone.
6:06 of 1st period - Snap shot by Tomas Tatar.
6:06 of 1st period - Shot Misses the Net.
6:21 of 1st period - Icing by Brock Nelson.
6:22 of 1st period - Tyler Bozak wins face-off versus Jake Guentzel in Capitals zone.
6:33 of 1st period - Snap shot by Vinnie Hinostroza.
6:33 of 1st period - Shot Misses the Net.
6:35 of 1st period - Slapshot by Caleb Jones.
6:35 of 1st period - Stopped by Henrik Lundqvist without a rebound.
6:36 of 1st period - Nazem Kadri wins face-off versus Riley Sheahan in Capitals zone.
6:39 of 1st period - Slapshot by Nazem Kadri.
6:39 of 1st period - Shot Misses the Net.
6:41 of 1st period - Snap shot by Jason Zucker.
6:41 of 1st period - Stopped by Henrik Lundqvist with a rebound.
7:05 of 1st period - Icing by Brady Skjei.
7:06 of 1st period - Matt Duchene wins face-off versus Claude Giroux in Capitals zone.
7:17 of 1st period - Snap shot by Kyle Connor.
7:17 of 1st period - Stopped by Henrik Lundqvist without a rebound.
7:18 of 1st period - Johan Larsson wins face-off versus Jake Guentzel in Capitals zone.
7:21 of 1st period - Wrist shot by Jason Spezza.
7:21 of 1st period - Stopped by Henrik Lundqvist with a rebound.
7:23 of 1st period - Slapshot by Ron Hainsey.
7:23 of 1st period - Deflect By Jason Spezza.
7:23 of 1st period - Stopped by Henrik Lundqvist without a rebound.
7:24 of 1st period - Jason Spezza wins face-off versus Jake Guentzel in Capitals zone.
7:51 of 1st period - Wrist shot by Brayden Schenn.
7:51 of 1st period - Stopped by Henrik Lundqvist without a rebound.
7:52 of 1st period - Derek Grant wins face-off versus Matt Duchene in Capitals zone.
7:52 of 1st period - Derek Grant is hit by Erik Karlsson.
8:01 of 1st period - Minor Penalty to Matt Niskanen for Holding Stick.
8:02 of 1st period - Claude Giroux wins face-off versus Johan Larsson in Rangers zone.
8:35 of 1st period - Snap shot by Jake Guentzel.
8:35 of 1st period - Goal by Jake Guentzel - Capitals : 1 - Rangers : 0.
8:36 of 1st period - Claude Giroux wins face-off versus Nazem Kadri in neutral zone.
8:41 of 1st period - Slapshot by Nazem Kadri.
8:41 of 1st period - Stopped by Henrik Lundqvist without a rebound.
8:42 of 1st period - Nazem Kadri wins face-off versus Claude Giroux in Capitals zone.
8:51 of 1st period - Wrist shot by Jason Zucker.
8:51 of 1st period - Stopped by Henrik Lundqvist with a rebound.
8:53 of 1st period - Slapshot by Erik Karlsson.
8:53 of 1st period - Shot Blocked by Tomas Tatar.
9:09 of 1st period - Slapshot by Kyle Connor.
9:09 of 1st period - Stopped by Henrik Lundqvist with a rebound.
9:15 of 1st period - Snap shot by Matt Duchene.
9:15 of 1st period - Stopped by Henrik Lundqvist with a rebound.
9:17 of 1st period - Snap shot by Matt Duchene.
9:17 of 1st period - Shot Misses the Net.
9:19 of 1st period - Slapshot by Matt Niskanen.
9:19 of 1st period - Shot Blocked by Oliver Ekman-Larsson.
9:41 of 1st period - Snap shot by Darren Helm.
9:41 of 1st period - Stopped by Philipp Grubauer without a rebound.
9:42 of 1st period - Nazem Kadri wins face-off versus Jake Guentzel in Rangers zone.
10:53 of 1st period - Snap shot by Brock Nelson.
10:53 of 1st period - Stopped by Philipp Grubauer without a rebound.
10:54 of 1st period - Tyler Bozak wins face-off versus Jake Guentzel in Rangers zone.
10:58 of 1st period - Off-side.
10:59 of 1st period - Jake Guentzel wins face-off versus Oskar Sundqvist in neutral zone.
11:02 of 1st period - Snap shot by Jake Guentzel.
11:02 of 1st period - Shot Misses the Net.
11:08 of 1st period - Jake Guentzel is hit by Matt Niskanen and loses puck.
11:31 of 1st period - Snap shot by Riley Sheahan.
11:31 of 1st period - Stopped by Philipp Grubauer without a rebound.
11:32 of 1st period - Claude Giroux wins face-off versus Matt Duchene in Rangers zone.
12:23 of 1st period - Snap shot by Claude Giroux.
12:23 of 1st period - Stopped by Philipp Grubauer with a rebound.
12:25 of 1st period - Slapshot by Brady Skjei.
12:25 of 1st period - Shot Blocked by Matt Duchene.
12:31 of 1st period - Snap shot by Tomas Tatar.
12:31 of 1st period - Shot Misses the Net.
12:33 of 1st period - Slapshot by Brady Skjei.
12:33 of 1st period - Shot Misses the Net.
12:35 of 1st period - Snap shot by Brock Nelson.
12:35 of 1st period - Deflect By Tomas Tatar.
12:35 of 1st period - Shot Blocked by Dan Girardi.
12:35 of 1st period - Puck is out of play.
12:36 of 1st period - Elias Pettersson wins face-off versus Nazem Kadri in Rangers zone.
12:41 of 1st period - Snap shot by Elias Pettersson.
12:41 of 1st period - Stopped by Philipp Grubauer with a rebound.
12:50 of 1st period - Slapshot by Matt Niskanen.
12:50 of 1st period - Shot Misses the Net.
13:11 of 1st period - Snap shot by Tyler Pitlick.
13:11 of 1st period - Goal by Tyler Pitlick - Capitals : 2 - Rangers : 0.
13:12 of 1st period - Derek Grant wins face-off versus Nazem Kadri in neutral zone.
13:59 of 1st period - Slapshot by Elias Pettersson.
13:59 of 1st period - Shot Blocked by Adam Pelech.
14:21 of 1st period - Jason Spezza is hit by Claude Giroux and loses puck.
14:28 of 1st period - Slapshot by Claude Giroux.
14:28 of 1st period - Stopped by Philipp Grubauer with a rebound.
14:30 of 1st period - Slapshot by Tomas Tatar.
14:30 of 1st period - Stopped by Philipp Grubauer without a rebound.
14:31 of 1st period - Jake Guentzel wins face-off versus Justin Williams in Rangers zone.
15:08 of 1st period - Wrist shot by Jake Guentzel.
15:08 of 1st period - Shot Blocked by Dan Girardi.
15:46 of 1st period - Slapshot by Derek Grant.
15:46 of 1st period - Stopped by Philipp Grubauer with a rebound.
16:12 of 1st period - Slapshot by Damon Severson.
16:12 of 1st period - Stopped by Philipp Grubauer with a rebound.
16:30 of 1st period - Snap shot by Derek Grant.
16:30 of 1st period - Stopped by Philipp Grubauer without a rebound.
16:31 of 1st period - Claude Giroux wins face-off versus Nazem Kadri in Rangers zone.
16:57 of 1st period - Darren Helm is hit by Matt Niskanen and loses puck.
17:38 of 1st period - Erik Karlsson is hit by Oliver Ekman-Larsson and loses puck.
17:45 of 1st period - Matt Niskanen is hit by Brock Nelson and loses puck.
17:58 of 1st period - Wrist shot by Kyle Connor.
17:58 of 1st period - Shot Blocked by Darren Helm.
18:31 of 1st period - Oskar Sundqvist is hit by Brady Skjei and loses puck.
18:36 of 1st period - Snap shot by Elias Pettersson.
18:36 of 1st period - Shot Misses the Net.
19:14 of 1st period - Dan Girardi is hit by Brady Skjei and loses puck.
19:57 of 1st period - Snap shot by Vinnie Hinostroza.
19:57 of 1st period - Shot Blocked by Ian Cole.
19:59 of 1st period - Slapshot by Vinnie Hinostroza.
19:59 of 1st period - Shot Misses the Net.
Goals for this period are 2 for Capitals vs 0 for Rangers.
Shots for this period are 14 for Capitals vs 16 for Rangers.

2nd period


0:01 of 2nd period - Claude Giroux wins face-off versus Nazem Kadri in neutral zone.
0:08 of 2nd period - Snap shot by Tomas Tatar.
0:08 of 2nd period - Stopped by Philipp Grubauer without a rebound.
0:09 of 2nd period - Claude Giroux wins face-off versus Jason Zucker in Rangers zone.
0:10 of 2nd period - Snap shot by Brock Nelson.
0:10 of 2nd period - Stopped by Philipp Grubauer with a rebound.
0:30 of 2nd period - Backhand shot by Claude Giroux.
0:30 of 2nd period - Shot Blocked by Matt Niskanen.
0:36 of 2nd period - Snap shot by Jason Zucker.
0:36 of 2nd period - Deflect By Nazem Kadri.
0:36 of 2nd period - Shot Blocked by Oliver Ekman-Larsson.
0:36 of 2nd period - Puck is out of play.
0:37 of 2nd period - Riley Sheahan wins face-off versus Matt Duchene in Capitals zone.
0:50 of 2nd period - Wrist shot by Kyle Connor.
0:50 of 2nd period - Shot Misses the Net.
0:52 of 2nd period - Wrist shot by Kyle Connor.
0:52 of 2nd period - Deflect By Brayden Schenn.
0:52 of 2nd period - Shot Misses the Net.
0:52 of 2nd period - Puck is out of play.
0:53 of 2nd period - Jason Zucker wins face-off versus Jake Guentzel in Capitals zone.
1:09 of 2nd period - Minor Penalty to Nazem Kadri for High sticking.
1:10 of 2nd period - Claude Giroux wins face-off versus Johan Larsson in Rangers zone.
1:14 of 2nd period - Snap shot by Tomas Tatar.
1:14 of 2nd period - Shot Blocked by Ron Hainsey.
1:52 of 2nd period - Snap shot by Josh Bailey.
1:52 of 2nd period - Stopped by Philipp Grubauer with a rebound.
1:54 of 2nd period - Slapshot by Brady Skjei.
1:54 of 2nd period - Shot Blocked by Ron Hainsey.
1:56 of 2nd period - Snap shot by Josh Bailey.
1:56 of 2nd period - Goal by Josh Bailey - Capitals : 3 - Rangers : 0.
1:57 of 2nd period - Matt Duchene wins face-off versus Claude Giroux in neutral zone.
2:01 of 2nd period - Icing by Tomas Tatar.
2:02 of 2nd period - Claude Giroux wins face-off versus Matt Duchene in Capitals zone.
2:18 of 2nd period - Off-side.
2:19 of 2nd period - Josh Bailey wins face-off versus Jason Zucker in neutral zone.
2:21 of 2nd period - Off-side.
2:22 of 2nd period - Nazem Kadri wins face-off versus Jake Guentzel in neutral zone.
2:32 of 2nd period - Snap shot by Elias Pettersson.
2:32 of 2nd period - Shot Misses the Net.
2:36 of 2nd period - Slapshot by Jake Guentzel.
2:36 of 2nd period - Stopped by Philipp Grubauer with a rebound.
2:38 of 2nd period - Slapshot by Oliver Ekman-Larsson.
2:38 of 2nd period - Shot Blocked by Nazem Kadri.
2:49 of 2nd period - Off-side.
2:50 of 2nd period - Riley Sheahan wins face-off versus Matt Duchene in neutral zone.
3:38 of 2nd period - Riley Sheahan is hit by Erik Karlsson and loses puck.
4:22 of 2nd period - Snap shot by Kyle Connor.
4:22 of 2nd period - Deflect By Matt Duchene.
4:22 of 2nd period - Goal by Matt Duchene - Capitals : 3 - Rangers : 1.
4:23 of 2nd period - Tyler Bozak wins face-off versus Claude Giroux in neutral zone.
4:34 of 2nd period - Snap shot by Claude Giroux.
4:34 of 2nd period - Stopped by Philipp Grubauer with a rebound.
4:36 of 2nd period - Wrist shot by Oliver Ekman-Larsson.
4:36 of 2nd period - Stopped by Philipp Grubauer without a rebound.
4:37 of 2nd period - Nazem Kadri wins face-off versus Jake Guentzel in Rangers zone.
4:50 of 2nd period - Wrist shot by Elias Pettersson.
4:50 of 2nd period - Stopped by Philipp Grubauer with a rebound.
5:22 of 2nd period - Icing by Erik Karlsson.
5:23 of 2nd period - Jason Spezza wins face-off versus Derek Grant in Rangers zone.
5:29 of 2nd period - Off-side.
5:30 of 2nd period - Jason Spezza wins face-off versus Claude Giroux in neutral zone.
5:49 of 2nd period - Snap shot by Jason Spezza.
5:49 of 2nd period - Shot Misses the Net.
5:57 of 2nd period - Minor Penalty to Johan Larsson for Slashing.
5:58 of 2nd period - Pierre-Edouard Bellemare wins face-off versus Claude Giroux in Rangers zone.
6:14 of 2nd period - Oskar Sundqvist is hit by Oliver Ekman-Larsson.
6:15 of 2nd period - Oskar Sundqvist from Rangers is injured at 6:15 of 2nd period (Strained Left Elbow).
6:16 of 2nd period - Pierre-Edouard Bellemare wins face-off versus Claude Giroux in Rangers zone.
6:29 of 2nd period - Snap shot by Brock Nelson.
6:29 of 2nd period - Deflect By Tomas Tatar.
6:29 of 2nd period - Shot Misses the Net.
6:29 of 2nd period - Puck is out of play.
6:30 of 2nd period - Claude Giroux wins face-off versus Pierre-Edouard Bellemare in Rangers zone.
7:38 of 2nd period - Ben Harpur is hit by Josh Bailey and loses puck.
7:57 of 2nd period - Penalty to Johan Larsson is over, Johan Larsson is back on ice.
8:01 of 2nd period - Snap shot by Brayden Schenn.
8:01 of 2nd period - Shot Misses the Net.
8:42 of 2nd period - Minor Penalty to Zach Bogosian for Cross-checking.
8:43 of 2nd period - Nazem Kadri wins face-off versus Derek Grant in Capitals zone.
8:58 of 2nd period - Snap shot by Erik Karlsson.
8:58 of 2nd period - Goal by Erik Karlsson - Capitals : 3 - Rangers : 2.
8:59 of 2nd period - Nazem Kadri wins face-off versus Jake Guentzel in neutral zone.
9:35 of 2nd period - Snap shot by Claude Giroux.
9:35 of 2nd period - Deflect By Tomas Tatar.
9:35 of 2nd period - Shot Misses the Net.
9:35 of 2nd period - Puck is out of play.
9:36 of 2nd period - Derek Grant wins face-off versus Matt Duchene in Rangers zone.
10:27 of 2nd period - Icing by Ian Cole.
10:28 of 2nd period - Tyler Bozak wins face-off versus Claude Giroux in Capitals zone.
10:35 of 2nd period - Snap shot by Claude Giroux.
10:35 of 2nd period - Stopped by Philipp Grubauer with a rebound.
10:37 of 2nd period - Snap shot by Tomas Tatar.
10:37 of 2nd period - Shot Blocked by Matt Niskanen.
10:39 of 2nd period - Slapshot by Tomas Tatar.
10:39 of 2nd period - Shot Misses the Net.
10:41 of 2nd period - Wrist shot by Zach Bogosian.
10:41 of 2nd period - Shot Misses the Net.
10:43 of 2nd period - Wrist shot by Brock Nelson.
10:43 of 2nd period - Deflect By Claude Giroux.
10:43 of 2nd period - Shot Misses the Net.
10:43 of 2nd period - Puck is out of play.
10:44 of 2nd period - Nazem Kadri wins face-off versus Jake Guentzel in Rangers zone.
10:44 of 2nd period - Nazem Kadri is hit by Ian Cole.
10:54 of 2nd period - Slapshot by Jason Zucker.
10:54 of 2nd period - Shot Misses the Net.
10:56 of 2nd period - Slapshot by Justin Williams.
10:56 of 2nd period - Goal by Justin Williams - Capitals : 3 - Rangers : 3.
10:57 of 2nd period - Claude Giroux wins face-off versus Nazem Kadri in neutral zone.
11:12 of 2nd period - Brock Nelson is hit by Matt Niskanen and loses puck.
11:23 of 2nd period - Matt Niskanen is hit by Ian Cole and loses puck.
12:11 of 2nd period - Slapshot by Jason Spezza.
12:11 of 2nd period - Stopped by Henrik Lundqvist with a rebound.
13:08 of 2nd period - Wrist shot by Jason Zucker.
13:08 of 2nd period - Stopped by Henrik Lundqvist without a rebound.
13:09 of 2nd period - Nazem Kadri wins face-off versus Claude Giroux in Capitals zone.
13:10 of 2nd period - Snap shot by Jason Zucker.
13:10 of 2nd period - Shot Misses the Net.
13:16 of 2nd period - Nazem Kadri is hit by Tomas Tatar and loses puck.
14:23 of 2nd period - Snap shot by Oliver Ekman-Larsson.
14:23 of 2nd period - Shot Misses the Net.
14:25 of 2nd period - Slapshot by Brady Skjei.
14:25 of 2nd period - Shot Blocked by Adam Pelech.
14:27 of 2nd period - Slapshot by Brady Skjei.
14:27 of 2nd period - Deflect By Tyler Pitlick.
14:27 of 2nd period - Deflect By Tyler Bozak.
14:27 of 2nd period - Stopped by Philipp Grubauer without a rebound.
14:28 of 2nd period - Riley Sheahan wins face-off versus Tyler Bozak in Rangers zone.
14:35 of 2nd period - Wrist shot by Darren Helm.
14:35 of 2nd period - Stopped by Philipp Grubauer without a rebound.
14:36 of 2nd period - Tyler Bozak wins face-off versus Brock Nelson in Rangers zone.
15:05 of 2nd period - Josh Bailey is hit by Adam Pelech and loses puck.
15:42 of 2nd period - Matt Duchene is hit by Tyler Pitlick and loses puck.
15:55 of 2nd period - Brady Skjei is hit by Adam Pelech and loses puck.
17:13 of 2nd period - Snap shot by Kyle Connor.
17:13 of 2nd period - Stopped by Henrik Lundqvist without a rebound.
17:14 of 2nd period - Claude Giroux wins face-off versus Nazem Kadri in Capitals zone.
17:32 of 2nd period - Erik Karlsson is hit by Ian Cole and loses puck.
18:41 of 2nd period - Erik Karlsson is hit by Elias Pettersson and loses puck.
19:02 of 2nd period - Ron Hainsey is hit by Ian Cole and loses puck.
19:27 of 2nd period - Dan Girardi is hit by Zach Bogosian.
19:48 of 2nd period - Icing by Jake Guentzel.
19:49 of 2nd period - Jake Guentzel wins face-off versus Nazem Kadri in Capitals zone.
Goals for this period are 1 for Capitals vs 3 for Rangers.
Shots for this period are 11 for Capitals vs 6 for Rangers.

3rd period


0:01 of 3rd period - Claude Giroux wins face-off versus Nazem Kadri in neutral zone.
0:04 of 3rd period - Slapshot by Damon Severson.
0:04 of 3rd period - Stopped by Philipp Grubauer with a rebound.
0:06 of 3rd period - Slapshot by Ian Cole.
0:06 of 3rd period - Shot Blocked by Dan Girardi.
0:08 of 3rd period - Wrist shot by Damon Severson.
0:08 of 3rd period - Stopped by Philipp Grubauer with a rebound.
0:10 of 3rd period - Wrist shot by Brock Nelson.
0:10 of 3rd period - Stopped by Philipp Grubauer with a rebound.
0:27 of 3rd period - Elias Pettersson is hit by Ron Hainsey and loses puck.
0:55 of 3rd period - Kevin Rooney is hit by Erik Karlsson and loses puck.
1:22 of 3rd period - Jason Spezza is hit by Brady Skjei and loses puck.
1:37 of 3rd period - Wrist shot by Kyle Connor.
1:37 of 3rd period - Shot Misses the Net.
1:58 of 3rd period - Slapshot by Jake Guentzel.
1:58 of 3rd period - Shot Blocked by Vinnie Hinostroza.
2:02 of 3rd period - Snap shot by Josh Bailey.
2:02 of 3rd period - Stopped by Philipp Grubauer without a rebound.
2:03 of 3rd period - Brock Nelson wins face-off versus Brayden Schenn in Rangers zone.
2:04 of 3rd period - Snap shot by Claude Giroux.
2:04 of 3rd period - Stopped by Philipp Grubauer with a rebound.
3:24 of 3rd period - Ian Cole is hit by Ben Harpur and loses puck.
3:35 of 3rd period - Darren Helm is hit by Johan Larsson and loses puck.
3:54 of 3rd period - Snap shot by Tomas Tatar.
3:54 of 3rd period - Shot Misses the Net.
3:56 of 3rd period - Wrist shot by Damon Severson.
3:56 of 3rd period - Shot Misses the Net.
3:58 of 3rd period - Slapshot by Damon Severson.
3:58 of 3rd period - Shot Misses the Net.
4:00 of 3rd period - Snap shot by Tomas Tatar.
4:00 of 3rd period - Stopped by Philipp Grubauer without a rebound.
4:01 of 3rd period - Claude Giroux wins face-off versus Brayden Schenn in Rangers zone.
4:12 of 3rd period - Wrist shot by Brock Nelson.
4:12 of 3rd period - Stopped by Philipp Grubauer without a rebound.
4:13 of 3rd period - Claude Giroux wins face-off versus Nazem Kadri in Rangers zone.
4:18 of 3rd period - Icing by Matt Niskanen.
4:19 of 3rd period - Nazem Kadri wins face-off versus Claude Giroux in Rangers zone.
5:21 of 3rd period - Johan Larsson is hit by Oliver Ekman-Larsson and loses puck.
5:28 of 3rd period - Snap shot by Pierre-Edouard Bellemare.
5:28 of 3rd period - Stopped by Henrik Lundqvist without a rebound.
5:29 of 3rd period - Matt Duchene wins face-off versus Jake Guentzel in Capitals zone.
6:16 of 3rd period - Off-side.
6:17 of 3rd period - Tyler Bozak wins face-off versus Riley Sheahan in neutral zone.
6:22 of 3rd period - Slapshot by Tyler Bozak.
6:22 of 3rd period - Shot Misses the Net.
6:54 of 3rd period - Backhand shot by Matt Duchene.
6:54 of 3rd period - Shot Misses the Net.
6:56 of 3rd period - Wrist shot by Kyle Connor.
6:56 of 3rd period - Deflect By Brayden Schenn.
6:56 of 3rd period - Shot Misses the Net.
6:56 of 3rd period - Puck is out of play.
6:57 of 3rd period - Nazem Kadri wins face-off versus Tomas Tatar in Capitals zone.
7:10 of 3rd period - Snap shot by Nazem Kadri.
7:10 of 3rd period - Shot Misses the Net.
7:12 of 3rd period - Snap shot by Ron Hainsey.
7:12 of 3rd period - Stopped by Henrik Lundqvist with a rebound.
8:53 of 3rd period - Minor Penalty to Zach Bogosian for Hooking.
8:54 of 3rd period - Matt Duchene wins face-off versus Derek Grant in Capitals zone.
10:53 of 3rd period - Penalty to Zach Bogosian is over, Zach Bogosian is back on ice.
11:01 of 3rd period - Icing by Tyler Pitlick.
11:02 of 3rd period - Joel Eriksson Ek wins face-off versus Tyler Bozak in Capitals zone.
11:07 of 3rd period - Slapshot by Brady Skjei.
11:07 of 3rd period - Stopped by Philipp Grubauer with a rebound.
11:10 of 3rd period - Icing by Ben Harpur.
11:11 of 3rd period - Tyler Bozak wins face-off versus Claude Giroux in Rangers zone.
11:11 of 3rd period - Tyler Bozak is hit by Claude Giroux.
11:23 of 3rd period - Snap shot by Vinnie Hinostroza.
11:23 of 3rd period - Shot Misses the Net.
11:25 of 3rd period - Wrist shot by Jason Spezza.
11:25 of 3rd period - Shot Misses the Net.
11:27 of 3rd period - Slapshot by Ben Harpur.
11:27 of 3rd period - Shot Misses the Net.
11:29 of 3rd period - Slapshot by Adam Pelech.
11:29 of 3rd period - Stopped by Henrik Lundqvist without a rebound.
11:30 of 3rd period - Jake Guentzel wins face-off versus Nazem Kadri in Capitals zone.
11:52 of 3rd period - Icing by Elias Pettersson.
11:53 of 3rd period - Matt Duchene wins face-off versus Jake Guentzel in Capitals zone.
12:10 of 3rd period - Backhand shot by Brayden Schenn.
12:10 of 3rd period - Stopped by Henrik Lundqvist without a rebound.
12:11 of 3rd period - Claude Giroux wins face-off versus Nazem Kadri in Capitals zone.
12:16 of 3rd period - Wrist shot by Jason Zucker.
12:16 of 3rd period - Shot Misses the Net.
12:18 of 3rd period - Slapshot by Erik Karlsson.
12:18 of 3rd period - Shot Misses the Net.
12:20 of 3rd period - Wrist shot by Justin Williams.
12:20 of 3rd period - Shot Blocked by Oliver Ekman-Larsson.
12:57 of 3rd period - Wrist shot by Nazem Kadri.
12:57 of 3rd period - Stopped by Henrik Lundqvist without a rebound.
12:58 of 3rd period - Jake Guentzel wins face-off versus Tyler Bozak in Capitals zone.
14:04 of 3rd period - Pierre-Edouard Bellemare is hit by Derek Grant.
14:26 of 3rd period - Wrist shot by Nazem Kadri.
14:26 of 3rd period - Stopped by Henrik Lundqvist without a rebound.
14:27 of 3rd period - Matt Duchene wins face-off versus Claude Giroux in Capitals zone.
15:15 of 3rd period - Slapshot by Adam Pelech.
15:15 of 3rd period - Deflect By Tyler Pitlick.
15:15 of 3rd period - Stopped by Henrik Lundqvist with a rebound.
15:17 of 3rd period - Slapshot by Caleb Jones.
15:17 of 3rd period - Shot Blocked by Ian Cole.
15:19 of 3rd period - Snap shot by Pierre-Edouard Bellemare.
15:19 of 3rd period - Stopped by Henrik Lundqvist without a rebound.
15:20 of 3rd period - Riley Sheahan wins face-off versus Jason Spezza in Capitals zone.
15:27 of 3rd period - Slapshot by Darren Helm.
15:27 of 3rd period - Shot Blocked by Pierre-Edouard Bellemare.
15:29 of 3rd period - Wrist shot by Brady Skjei.
15:29 of 3rd period - Stopped by Philipp Grubauer without a rebound.
15:30 of 3rd period - Tyler Bozak wins face-off versus Derek Grant in Rangers zone.
15:36 of 3rd period - Derek Grant is hit by Nazem Kadri.
16:44 of 3rd period - Slapshot by Erik Karlsson.
16:44 of 3rd period - Shot Blocked by Ian Cole.
16:46 of 3rd period - Snap shot by Johan Larsson.
16:46 of 3rd period - Shot Misses the Net.
17:05 of 3rd period - Icing by Derek Grant.
17:06 of 3rd period - Derek Grant wins face-off versus Tyler Bozak in Capitals zone.
17:51 of 3rd period - Snap shot by Riley Sheahan.
17:51 of 3rd period - Stopped by Philipp Grubauer without a rebound.
17:52 of 3rd period - Nazem Kadri wins face-off versus Claude Giroux in Rangers zone.
17:57 of 3rd period - Slapshot by Nazem Kadri.
17:57 of 3rd period - Stopped by Henrik Lundqvist with a rebound.
17:59 of 3rd period - Slapshot by Jason Zucker.
17:59 of 3rd period - Shot Misses the Net.
18:01 of 3rd period - Snap shot by Erik Karlsson.
18:01 of 3rd period - Deflect By Jason Zucker.
18:01 of 3rd period - Shot Blocked by Brady Skjei.
18:01 of 3rd period - Puck is out of play.
18:02 of 3rd period - Riley Sheahan wins face-off versus Tyler Bozak in Capitals zone.
18:09 of 3rd period - Snap shot by Brady Skjei.
18:09 of 3rd period - Shot Misses the Net.
18:39 of 3rd period - Snap shot by Joel Eriksson Ek.
18:39 of 3rd period - Shot Misses the Net.
19:59 of 3rd period - Snap shot by Joel Eriksson Ek.
19:59 of 3rd period - Shot Blocked by Matt Niskanen.
Goals for this period are 0 for Capitals vs 0 for Rangers.
Shots for this period are 10 for Capitals vs 9 for Rangers.

Overtime #1


0:01 of 1st overtime period - Matt Duchene wins face-off versus Claude Giroux in neutral zone.
0:06 of 1st overtime period - Backhand shot by Erik Karlsson.
0:06 of 1st overtime period - Shot Blocked by Oliver Ekman-Larsson.
0:16 of 1st overtime period - Snap shot by Brock Nelson.
0:16 of 1st overtime period - Stopped by Philipp Grubauer without a rebound.
0:17 of 1st overtime period - Matt Duchene wins face-off versus Claude Giroux in Rangers zone.
0:24 of 1st overtime period - Wrist shot by Matt Duchene.
0:24 of 1st overtime period - Stopped by Henrik Lundqvist with a rebound.
0:26 of 1st overtime period - Slapshot by Kyle Connor.
0:26 of 1st overtime period - Shot Misses the Net.
0:28 of 1st overtime period - Slapshot by Erik Karlsson.
0:28 of 1st overtime period - Shot Misses the Net.
0:30 of 1st overtime period - Slapshot by Kyle Connor.
0:30 of 1st overtime period - Stopped by Henrik Lundqvist with a rebound.
1:52 of 1st overtime period - Off-side.
1:53 of 1st overtime period - Claude Giroux wins face-off versus Brayden Schenn in neutral zone.
2:02 of 1st overtime period - Snap shot by Brayden Schenn.
2:02 of 1st overtime period - Shot Misses the Net.
2:16 of 1st overtime period - Claude Giroux is hit by Jason Zucker and loses puck.
2:27 of 1st overtime period - Snap shot by Brock Nelson.
2:27 of 1st overtime period - Stopped by Philipp Grubauer with a rebound.
2:29 of 1st overtime period - Slapshot by Claude Giroux.
2:29 of 1st overtime period - Shot Misses the Net.
2:31 of 1st overtime period - Snap shot by Brock Nelson.
2:31 of 1st overtime period - Shot Misses the Net.
2:47 of 1st overtime period - Wrist shot by Brock Nelson.
2:47 of 1st overtime period - Shot Misses the Net.
2:49 of 1st overtime period - Snap shot by Brock Nelson.
2:49 of 1st overtime period - Stopped by Philipp Grubauer without a rebound.
2:50 of 1st overtime period - Matt Duchene wins face-off versus Elias Pettersson in Rangers zone.
3:54 of 1st overtime period - Wrist shot by Riley Sheahan.
3:54 of 1st overtime period - Goal by Riley Sheahan - Capitals : 4 - Rangers : 3.
Goals for this period are 1 for Capitals vs 0 for Rangers.
Shots for this period are 4 for Capitals vs 2 for Rangers.